NCAA
OKLAHOMA SOONERS @ FLORIDA STATE SEMINOLES
05/15/2027
 
TOP OF THE 1ST
Oklahoma Sooners batting - Pitching for Florida State Seminoles : RHP Stephen Copeland
Pitching: RHP Stephen Copeland
Batting: LHB Larry Wright 0-0: Ball
1-0: Ball
2-0: Ball
3-0: Called Strike
3-1: Foul Ball, location: 2F
3-2: SINGLE (Groundball, 56D)
Batting: SHB Allen King 0-0: Ball
1-0: Called Strike
1-1: Grounds into double play, 4-6-3 (Groundball, 4)
Batting: RHB Rafael Barajas 0-0: Ball
1-0: Ball
2-0: Ball
3-0: Called Strike
3-1: Base on Balls
Batting: RHB Albert Morán 0-0: Ball
1-0: Swinging Strike
1-1: Called Strike
1-2: SINGLE (Flyball, 7LS)
Rafael Barajas to second
Batting: RHB Sidney Boyd 0-0: Called Strike
0-1: Ball
1-1: Foul Ball, location: 2F
1-2: Ball
2-2: Strikes out swinging
Top of the 1st over - 0 run(s), 2 hit(s), 0 error(s), 2 left on base; Oklahoma 0 - Florida State 0
BOTTOM OF THE 1ST
Florida State Seminoles batting - Pitching for Oklahoma Sooners : RHP Tom Evans
Pitching: RHP Tom Evans
Batting: LHB Jeff Stevens 0-0: SINGLE (Line Drive, 8RS)
Batting: RHB Roberto Casas 0-0: Ball
1-0: Ball
2-0: Ball
3-0: Base on Balls
Jeff Stevens to second
Batting: RHB Rubén Hernández 0-0: Called Strike
0-1: Ball
1-1: Foul Ball, location: 2F
1-2: Strikes out swinging
Batting: RHB Aaron Duncan 0-0: Ball
1-0: Ball
2-0: Ball
3-0: Base on Balls
Jeff Stevens to third
Roberto Casas to second
Batting: LHB Paul Cotton 0-0: Fly out, F8 (Flyball, 8RS)
Batting: RHB John Newman 0-0: Foul Ball, location: 2F
0-1: Ball
1-1: Fielders Choice at 2nd, 5-4 (Groundball, 5)
Bottom of the 1st over - 0 run(s), 1 hit(s), 0 error(s), 2 left on base; Oklahoma 0 - Florida State 0
TOP OF THE 2ND
Oklahoma Sooners batting - Pitching for Florida State Seminoles : RHP Stephen Copeland
Batting: RHB Andrés Macíal 0-0: Bunted foul
0-1: Swinging Strike
0-2: Ball
1-2: Ball
2-2: Foul Ball, location: 2F
2-2: Ground out 6-3 (Groundball, 6)
Batting: RHB Larry Smith 0-0: Ball
1-0: Swinging Strike
1-1: Fly out, F2 (Popup, 13S)
Batting: RHB Martín Rodríguez 0-0: Ball
1-0: Called Strike
1-1: Called Strike
1-2: Ball
2-2: Foul Ball, location: 2F
2-2: Foul Ball, location: 2F
2-2: Strikes out swinging
Top of the 2nd over - 0 run(s), 0 hit(s), 0 error(s), 0 left on base; Oklahoma 0 - Florida State 0
BOTTOM OF THE 2ND
Florida State Seminoles batting - Pitching for Oklahoma Sooners : RHP Tom Evans
Batting: RHB Fred Burgess 0-0: Ball
1-0: SINGLE (Groundball, 6MD)
Batting: RHB José Sosa 0-0: Called Strike
0-1: Ball
1-1: Ball
2-1: Swinging Strike
2-2: Ball
3-2: Strikes out swinging
Batting: RHB Lorenzo Cintrón 0-0: Called Strike
0-1: Ball
1-1: Ball
2-1: Called Strike
2-2: Strikes out swinging
Fred Burgess steals 2nd base
Batter strikes out.
Batting: LHB Jeff Stevens 0-0: Ball
1-0: Foul Ball, location: 2F
1-1: Ball
2-1: Ball
3-1: SINGLE (Groundball, 4M) (infield hit)
Fred Burgess to third
Batting: RHB Roberto Casas 0-0: Fielders Choice at 2nd, 6-4 (Groundball, 6)
Bottom of the 2nd over - 0 run(s), 2 hit(s), 0 error(s), 1 left on base; Oklahoma 0 - Florida State 0
TOP OF THE 3RD
Oklahoma Sooners batting - Pitching for Florida State Seminoles : RHP Stephen Copeland
Batting: LHB Tristan Sims 0-0: Ball
1-0: Called Strike
1-1: Fly out, F1 (Line Drive, 13)
Batting: LHB Larry Wright 0-0: Called Strike
0-1: Ball
1-1: Swinging Strike
1-2: Strikes out swinging
Batting: SHB Allen King 0-0: Called Strike
0-1: Fly out, F7 (Flyball, 78M)
Top of the 3rd over - 0 run(s), 0 hit(s), 0 error(s), 0 left on base; Oklahoma 0 - Florida State 0
BOTTOM OF THE 3RD
Florida State Seminoles batting - Pitching for Oklahoma Sooners : RHP Tom Evans
Batting: RHB Rubén Hernández 0-0: Called Strike
0-1: Ball
1-1: Ball
2-1: Foul Ball, location: 2F
2-2: Foul Ball, location: 2F
2-2: Strikes out swinging
Batting: RHB Aaron Duncan 0-0: Called Strike
0-1: Ground out 1-3 (Groundball, P)
Batting: LHB Paul Cotton 0-0: Ball
1-0: Foul Ball, location: 2F
1-1: Swinging Strike
1-2: Foul Ball, location: 2F
1-2: Ball
2-2: Ball
3-2: Ground out 3-1 (Groundball, 34)
Bottom of the 3rd over - 0 run(s), 0 hit(s), 0 error(s), 0 left on base; Oklahoma 0 - Florida State 0
TOP OF THE 4TH
Oklahoma Sooners batting - Pitching for Florida State Seminoles : RHP Stephen Copeland
Batting: RHB Rafael Barajas 0-0: Ball
1-0: Foul Ball, location: 2F
1-1: SOLO HOME RUN (Flyball, 78XD), Distance : 388 ft
Batting: RHB Albert Morán 0-0: Ball
1-0: Ball
2-0: Ball
3-0: Base on Balls
Batting: RHB Sidney Boyd 0-0: Ball
1-0: Swinging Strike
1-1: Ball
2-1: Foul Ball, location: 2F
2-2: Ball
3-2: Foul Ball, location: 2F
3-2: Base on Balls
Albert Morán to second
Batting: RHB Andrés Macíal 0-0: Called Strike
0-1: Foul Ball, location: 2F
0-2: Ball
1-2: Foul Ball, location: 2F
1-2: Fielders Choice at 2nd, 3-6 (Groundball, 34)
Albert Morán to third
Batting: RHB Larry Smith 0-0: Ball
1-0: Foul Ball, location: 2F
1-1: Called Strike
1-2: Ball
2-2: Strikes out swinging
Batting: RHB Martín Rodríguez 0-0: Ball
1-0: Foul Ball, location: 2F
1-1: Called Strike
1-2: Foul Ball, location: 2F
1-2: Strikes out swinging
Top of the 4th over - 1 run(s), 1 hit(s), 0 error(s), 2 left on base; Oklahoma 1 - Florida State 0
BOTTOM OF THE 4TH
Florida State Seminoles batting - Pitching for Oklahoma Sooners : RHP Tom Evans
Batting: RHB John Newman 0-0: Ball
1-0: Called Strike
1-1: Fly out, F9 (Flyball, 89M)
Batting: RHB Fred Burgess 0-0: Ball
1-0: Called Strike
1-1: Foul Ball, location: 2F
1-2: Strikes out looking
Batting: RHB José Sosa 0-0: Ball
1-0: Ball
2-0: Called Strike
2-1: Ball
3-1: Foul Ball, location: 2F
3-2: Base on Balls
Batting: RHB Lorenzo Cintrón 0-0: SINGLE (Groundball, 56D)
José Sosa to second
Runner from 2nd tries for 3rd, SAFE, no throw
Batting: LHB Jeff Stevens 0-0: Called Strike
0-1: Ball
1-1: Fly out, F4 (Popup, 4)
Bottom of the 4th over - 0 run(s), 1 hit(s), 0 error(s), 2 left on base; Oklahoma 1 - Florida State 0
TOP OF THE 5TH
Oklahoma Sooners batting - Pitching for Florida State Seminoles : RHP Stephen Copeland
Batting: LHB Tristan Sims 0-0: Called Strike
0-1: Ball
1-1: Foul Ball, location: 2F
1-2: Ball
2-2: Ball
3-2: Strikes out looking
Pitching: RHP Fernando Mata
Batting: LHB Larry Wright 0-0: Ball
1-0: Foul Ball, location: 2F
1-1: Foul Ball, location: 2F
1-2: Ball
2-2: Fly out, F8 (Flyball, 8LM)
Batting: SHB Allen King 0-0: Ball
1-0: Foul Ball, location: 2F
1-1: Foul Ball, location: 2F
1-2: Strikes out swinging
Top of the 5th over - 0 run(s), 0 hit(s), 0 error(s), 0 left on base; Oklahoma 1 - Florida State 0
BOTTOM OF THE 5TH
Florida State Seminoles batting - Pitching for Oklahoma Sooners : RHP Tom Evans
Batting: RHB Roberto Casas 0-0: Ball
1-0: Swinging Strike
1-1: Swinging Strike
1-2: Ball
2-2: Strikes out swinging
Batting: RHB Rubén Hernández 0-0: Called Strike
0-1: Swinging Strike
0-2: Strikes out swinging
Batting: RHB Aaron Duncan 0-0: Called Strike
0-1: Ball
1-1: Fly out, F8 (Flyball, 8LM)
Bottom of the 5th over - 0 run(s), 0 hit(s), 0 error(s), 0 left on base; Oklahoma 1 - Florida State 0
TOP OF THE 6TH
Oklahoma Sooners batting - Pitching for Florida State Seminoles : RHP Fernando Mata
Batting: RHB Rafael Barajas 0-0: Fly out, F9 (Flyball, 9D)
Batting: RHB Albert Morán 0-0: Ball
1-0: Ball
2-0: Swinging Strike
2-1: Ball
3-1: Base on Balls
Batting: RHB Sidney Boyd 0-0: Called Strike
0-1: Swinging Strike
0-2: Ball
Albert Morán steals 2nd base
1-2: Ball
2-2: Ball
3-2: Base on Balls
Batting: RHB Andrés Macíal 0-0: Fielders Choice at 2nd, 4-6 (Groundball, 34)
Albert Morán to third
Batting: RHB Larry Smith 0-0: Ball
1-0: Called Strike
1-1: Called Strike
1-2: Strikes out looking
Top of the 6th over - 0 run(s), 0 hit(s), 0 error(s), 2 left on base; Oklahoma 1 - Florida State 0
BOTTOM OF THE 6TH
Florida State Seminoles batting - Pitching for Oklahoma Sooners : RHP Tom Evans
Pitching: RHP Neil Adams
Batting: LHB Paul Cotton 0-0: Ground out 4-3 (Groundball, 4M)
Batting: RHB John Newman 0-0: Ball
1-0: Foul Ball, location: 2F
1-1: Ball
2-1: Ball
3-1: Base on Balls
Batting: RHB Fred Burgess 0-0: Ball
1-0: Foul Ball, location: 2F
1-1: Called Strike
1-2: Ball
2-2: Ball
3-2: 2-RUN HOME RUN (Flyball, 78XD), Distance : 363 ft
Batting: RHB José Sosa 0-0: Ball
1-0: Foul Ball, location: 2F
1-1: Swinging Strike
1-2: Strikes out looking
Batting: RHB Lorenzo Cintrón 0-0: Ball
1-0: Ball
2-0: SINGLE (Groundball, 6MD)
Batting: LHB Jeff Stevens 0-0: Ball
Lorenzo Cintrón steals 2nd base
1-0: Ball
2-0: Called Strike
2-1: Foul Ball, location: 2F
2-2: Fly out, F8 (Flyball, 89D)
Bottom of the 6th over - 2 run(s), 2 hit(s), 0 error(s), 1 left on base; Oklahoma 1 - Florida State 2
TOP OF THE 7TH
Oklahoma Sooners batting - Pitching for Florida State Seminoles : RHP Fernando Mata
Batting: RHB Martín Rodríguez 0-0: Foul Ball, location: 2F
0-1: Hit by Pitch
Batting: LHB Tristan Sims 0-0: Sac Bunt - play at first, batter OUT! 1-4
Martín Rodríguez to second
Batting: LHB Larry Wright 0-0: Swinging Strike
0-1: Ball
1-1: Ball
2-1: Ball
3-1: Foul Ball, location: 2F
3-2: Strikes out swinging
Batting: SHB Allen King 0-0: Ball
1-0: Ball
2-0: Ball
3-0: Base on Balls
Batting: RHB Rafael Barajas 0-0: Fielders Choice at 2nd, 5-4 (Groundball, 56)
Top of the 7th over - 0 run(s), 0 hit(s), 0 error(s), 1 left on base; Oklahoma 1 - Florida State 2
BOTTOM OF THE 7TH
Florida State Seminoles batting - Pitching for Oklahoma Sooners : RHP Neil Adams
Batting: RHB Roberto Casas 0-0: Ball
1-0: Fly out, F7 (Flyball, 7)
Batting: RHB Rubén Hernández 0-0: Called Strike
0-1: Foul Ball, location: 2F
0-2: Ball
1-2: Foul Ball, location: 2F
1-2: SOLO HOME RUN (Flyball, 78XD), Distance : 389 ft
Batting: RHB Aaron Duncan 0-0: Ball
1-0: Called Strike
1-1: Ground out 5-3 (Groundball, 5)
Batting: LHB Paul Cotton 0-0: Called Strike
0-1: Ball
1-1: SINGLE (Groundball, 6MD)
Batting: RHB John Newman 0-0: Called Strike
0-1: Fielders Choice at 2nd, 4-6 (Groundball, 4)
Bottom of the 7th over - 1 run(s), 2 hit(s), 0 error(s), 0 left on base; Oklahoma 1 - Florida State 3
TOP OF THE 8TH
Oklahoma Sooners batting - Pitching for Florida State Seminoles : RHP Fernando Mata
Now at C: Eugene Fisher
Batting: RHB Albert Morán 0-0: Called Strike
0-1: Foul Ball, location: 2F
0-2: Ground out 5-3 (Groundball, 56)
Batting: RHB Sidney Boyd 0-0: Called Strike
0-1: Called Strike
0-2: Strikes out looking
Batting: RHB Andrés Macíal 0-0: Ball
1-0: Foul Ball, location: 2F
1-1: Ball
2-1: Ball
3-1: Called Strike
3-2: Foul Ball, location: 2F
3-2: Strikes out swinging
Top of the 8th over - 0 run(s), 0 hit(s), 0 error(s), 0 left on base; Oklahoma 1 - Florida State 3
BOTTOM OF THE 8TH
Florida State Seminoles batting - Pitching for Oklahoma Sooners : RHP Neil Adams
Pitching: RHP Ken Tabb
Batting: RHB Fred Burgess 0-0: Called Strike
0-1: Ball
1-1: Ball
2-1: Foul Ball, location: 2F
2-2: Ball
3-2: Strikes out swinging
Batting: RHB José Sosa 0-0: Swinging Strike
0-1: Ball
1-1: Foul Ball, location: 2F
1-2: Strikes out looking
Batting: RHB Lorenzo Cintrón 0-0: Ball
1-0: Ball
2-0: Foul Ball, location: 2F
2-1: Called Strike
2-2: Strikes out swinging
Bottom of the 8th over - 0 run(s), 0 hit(s), 0 error(s), 0 left on base; Oklahoma 1 - Florida State 3
TOP OF THE 9TH
Oklahoma Sooners batting - Pitching for Florida State Seminoles : RHP Fernando Mata
Pitching: RHP Rob Smith
Now in LF: Allan Bates
Batting: RHB Larry Smith 0-0: Reached on error, E5 (Groundball, 56)
Batting: RHB Martín Rodríguez 0-0: Ball
1-0: Ball
2-0: Ball
3-0: Called Strike
3-1: Called Strike
3-2: Base on Balls
Pinch Hitting: SHB José Rojas 0-0: Foul Ball, location: 2F
0-1: Swinging Strike
0-2: Foul Ball, location: 2F
0-2: Fly out, F8 (Flyball, 8LM)
Batting: LHB Larry Wright 0-0: Foul Ball, location: 2F
0-1: Foul Ball, location: 2F
0-2: DOUBLE (Line Drive, 78D)
Larry Smith scores
Martín Rodríguez to third
Batting: SHB Allen King 0-0: Ball
1-0: Foul Ball, location: 2F
1-1: Ball
Passed Ball!
Martín Rodríguez scores
Larry Wright to third
2-1: Ground out 4-3 (Groundball, 34S)
Batting: RHB Rafael Barajas 0-0: Fly out, F9 (Flyball, 9S)
Top of the 9th over - 2 run(s), 1 hit(s), 1 error(s), 1 left on base; Oklahoma 3 - Florida State 3
BOTTOM OF THE 9TH
Florida State Seminoles batting - Pitching for Oklahoma Sooners : RHP Ken Tabb
Now at 2B: José Rojas
Batting: LHB Allan Bates 0-0: Fly out, F3 (Line Drive, 3)
Batting: RHB Roberto Casas 0-0: Called Strike
0-1: Ball
1-1: Fly out, F9 (Flyball, 89M)
Batting: RHB Eugene Fisher 0-0: Ball
1-0: Called Strike
1-1: Swinging Strike
1-2: Ball
2-2: Hit by Pitch
Batting: RHB Aaron Duncan 0-0: Ball
1-0: SINGLE (Groundball, 56D)
Eugene Fisher to second
Batting: LHB Paul Cotton 0-0: Called Strike
0-1: Fly out, F8 (Flyball, 8LD)
Bottom of the 9th over - 0 run(s), 1 hit(s), 0 error(s), 2 left on base; Oklahoma 3 - Florida State 3
TOP OF THE 10TH
Oklahoma Sooners batting - Pitching for Florida State Seminoles : RHP Rob Smith
Batting: RHB Albert Morán 0-0: Ball
1-0: Fly out, F9 (Flyball, 9S)
Batting: RHB Sidney Boyd 0-0: Ball
1-0: Foul Ball, location: 2F
1-1: Foul Ball, location: 2F
1-2: Ball
2-2: Foul Ball, location: 2F
2-2: Ball
3-2: Base on Balls
Batting: RHB Andrés Macíal 0-0: Foul Ball, location: 2F
0-1: Ball
1-1: Ball
2-1: Foul Ball, location: 2F
2-2: Strikes out swinging
Batting: RHB Larry Smith 0-0: Called Strike
0-1: Ball
1-1: Called Strike
1-2: Foul Ball, location: 2F
1-2: Ball
2-2: Strikes out looking
Top of the 10th over - 0 run(s), 0 hit(s), 0 error(s), 1 left on base; Oklahoma 3 - Florida State 3
BOTTOM OF THE 10TH
Florida State Seminoles batting - Pitching for Oklahoma Sooners : RHP Ken Tabb
Pinch Hitting: RHB Bill Rice 0-0: Ball
1-0: Ground out 6-3 (Groundball, 6)
Pinch Hitting: RHB Dennis Curran 0-0: Ball
1-0: Called Strike
1-1: Swinging Strike
1-2: Strikes out swinging
Batting: RHB José Sosa 0-0: SOLO HOME RUN (Flyball, 78XD), Distance : 369 ft
Thursday, March 30th, 2017 - OOTP Baseball 17.12 Build 75